 Dungeon Sprint DCSS version 0.23.2-30-g0e89c35 (webtiles) character file.

Game seed: 7618686824963224170

805 Fang the Fighter (level 7, 0/52 HPs)
             Began as a Gargoyle Berserker on June 12, 2019.
             Was a Priest of Trog.
             Slain by a merfolk
             ... wielding a +0 trident
              (5 damage)
             ... in the Dungeon (Sprint V: "Ziggurat Sprint").
             The game lasted 00:01:27 (228 turns).

Fang the Fighter (Gargoyle Berserker)                Turns: 228, Time: 00:01:28

Health: 0/52       AC: 26    Str: 35    XL:     7   Next: 91%
Magic:  0/7        EV:  9    Int:  7    God:    Trog [***...]
Gold:   0          SH:  0    Dex:  9    Spells: 6/6 levels left

rFire    + . .     SeeInvis .   k - +5 executioner's axe
rCold    + + .     Gourm    .   (shield currently unavailable)
rNeg     + . .     Faith    .   j - +5 gold dragon scales
rPois    ∞         Spirit   +   (no helmet)
rElec    +         Reflect  .   (no cloak)
rCorr    .         Harm     .   (no gloves)
MR       .....     NoTele   +   (no boots)
Stlth    ..........             b - amulet of Papo {Spirit *Drain rElec rC+}
HPRegen  0.17/turn              D - +6 ring of strength
MPRegen  0.10/turn              E - +6 ring of strength

@: berserk cooldown, slowed, very slow
A: negative energy resistance 1, electricity resistance, unbreathing,
petrification resistance, rot immunity, AC +4
a: Berserk, Trog's Hand, Renounce Religion


You were in the Dungeon.
You worshipped Trog.
Trog was most pleased with you.
You were hungry.

You visited 1 branch

Inventory:

Hand Weapons
 k - a +5 executioner's axe (weapon)
Armour
 j - +5 gold dragon scales (worn)
Jewellery
 b - the amulet of Papo (around neck) {Spirit *Drain rElec rC+}
   (You found it in the Dungeon)

   [amulet of guardian spirit]

   It causes incoming damage to be split between your health and magic.
   It protects you from cold.
   It insulates you from electricity.
   It causes draining when unequipped.
 D - a +6 ring of strength (left hand)
 E - a +6 ring of strength (right hand)
Wands
 w - a wand of disintegration (7)
 x - a wand of iceblast (7)
 y - a wand of acid (7)
Scrolls
 i - 4 scrolls of blinking
 l - 7 scrolls of fog
 m - a scroll of holy word
 n - 5 scrolls of identify
 o - 5 scrolls of remove curse
 p - 2 scrolls of fear
Potions
 d - 10 potions of curing
 e - 14 potions of heal wounds
 f - 6 potions of haste
 h - 3 potions of berserk rage
 r - 2 potions of invisibility
 s - 4 potions of resistance
 t - a potion of experience
Comestibles
 c - 7 rations


   Skills:
 + Level 9.8 Fighting
 + Level 8.2 Axes
 + Level 9.5 Armour
 + Level 7.2 Dodging


You had 6 spell levels left.
You didn't know any spells.
Your spell library was empty.

Dungeon Overview and Level Annotations

Branches:
Dungeon (1/1)

Altars:
Ashenzari
Cheibriados
Dithmenos
Elyvilon
Fedhas
Gozag
Hepliaklqana
Kikubaaqudgha
Makhleb
Nemelex Xobeh
Okawaru
Qazlal
Ru
Sif Muna
Trog
Uskayaw
Vehumet
Wu Jian
Xom
Yredelemnul
Zin
The Shining One
Beogh
Jiyva
Lugonu

Annotations:
D 1 transporter


Innate Abilities, Weirdness & Mutations

You are resistant to torment.
Your stone body is resilient. (AC +4)
You are immune to poison.
You resist negative energy. (rN+)
You are resistant to electric shocks. (rElec)
You can survive without breathing.
You are immune to petrification.
You are immune to rotting.


Message History

The merfolk hits you but does no damage. x2
The merfolk closely misses you. The merfolk hits you with a +0 trident.
The merfolk closely misses you. The merfolk completely misses you.
You barely miss the merfolk. x4
The merfolk hits you but does no damage.
The merfolk hits you with a +0 trident! The merfolk closely misses you.
The merfolk hits you with the cursed +0 lajatang "Byezinte" {venom, +Blink}!
* * * LOW HITPOINT WARNING * * *
The merfolk completely misses you.
The merfolk hits you but does no damage.
The merfolk hits you with a cursed +0 trident.
* * * LOW HITPOINT WARNING * * *
The merfolk hits you with the cursed +0 lajatang "Byezinte" {venom, +Blink}.
* * * LOW HITPOINT WARNING * * *
You are too injured to fight recklessly!
You are too injured to fight recklessly!
You closely miss the merfolk. You hit the merfolk. You barely miss the merfolk.
You hit the merfolk. The merfolk barely misses you.
The merfolk hits you with a +0 trident.
You die...

▓.....▓.†...▓.....▓
▓...).▓.....▓..©..▓
▓..©..▓..©..▓▓▓▓▓▓▓
▓▓▓▓▓▓▓▓▓▓▓▓▓▓
▓..8©8...▓
▓...)}...▓
▓...[....▓
▓..mmm...▓
▓...@m...▓
▓.▓....▓.▓
▓...©....▓
▓▓▓▓▓▓▓▓▓▓


You could see 4 merfolk.

Vanquished Creatures
  A jumping spider (D)
  A hornet (shapeshifter) (D)
  A hell hound (D)
  An ice beast (shapeshifter) (D)
  A big kobold (shapeshifter) (D)
  A scorpion (D)
  A crimson imp (D)
  A quasit (D)
  An iron imp (D)
9 creatures vanquished.

Vanquished Creatures (others)
  2 spatial maelstroms (D)
2 creatures vanquished.

Grand Total: 11 creatures vanquished

Notes
Turn   | Place    | Note
-------+----------+-------------------------------------------
     0 | D        | Found the +6 Majin-Bo {vamp, Archmagi MP+6 Int+6}
     0 | D        | Found the +7 great mace "Firestarter" {inner flame, rF++}
     0 | D        | Fang the Gargoyle Berserker began the quest for the Orb.
     0 | D        | Reached XP level 1. HP: 14/14 MP: 1/1
     0 | D        | Found a blossoming altar of Fedhas.
     1 | D        | Found a transporter.
     1 | D        | Found a viscous altar of Jiyva.
     1 | D        | Found an ancient bone altar of Kikubaaqudgha.
     1 | D        | Found a hazy altar of Hepliaklqana.
     1 | D        | Found a corrupted altar of Lugonu.
     1 | D        | Found an opulent altar of Gozag.
     1 | D        | Found a burning altar of Makhleb.
     1 | D        | Banished a spatial maelstrom
    13 | D        | Found a sacrificial altar of Ru.
    13 | D        | Found a stormy altar of Qazlal.
    13 | D        | Found a deep blue altar of Sif Muna.
    13 | D        | Found an iron altar of Okawaru.
    13 | D        | Found a bloodstained altar of Trog.
    13 | D        | Found a sparkling altar of Nemelex Xobeh.
    19 | D        | Banished a spatial maelstrom
    55 | D        | Entered arena 2.
    55 | D        | Noticed a jumping spider
    55 | D        | Noticed a scorpion
    55 | D        | Found a transporter.
    57 | D        | Killed a scorpion
    57 | D        | Reached XP level 2. HP: 20/20 MP: 2/2
    57 | D        | Reached XP level 3. HP: 25/25 MP: 3/3
    59 | D        | Killed a jumping spider
    59 | D        | Reached skill level 5 in Dodging
    59 | D        | Reached XP level 4. HP: 34/34 MP: 4/4
    59 | D        | Reached XP level 5. HP: 38/38 MP: 5/5
    59 | D        | Reached XP level 6. HP: 44/44 MP: 6/6
   109 | D        | Entered arena 3.
   109 | D        | Noticed a hornet
   109 | D        | Found a transporter.
   112 | D        | Noticed an ice beast
   112 | D        | an ogre changed into an ice beast
   115 | D        | Killed an ice beast
   115 | D        | Reached ** piety under Trog
   118 | D        | Killed a hornet
   118 | D        | Reached XP level 7. HP: 51/51 MP: 7/7
   124 | D        | Got the amulet of Papo {Spirit *Drain rElec rC+}
   189 | D        | Entered arena 4.
   189 | D        | Identified the cursed +3 morningstar "Niguli" {drain,
                  | Str+3}
   189 | D        | Found a transporter.
   193 | D        | Reached *** piety under Trog
   218 | D        | Entered arena 5.
   218 | D        | Noticed a merfolk
   218 | D        | Noticed a merfolk
   218 | D        | Noticed a merfolk
   218 | D        | Noticed a merfolk
   218 | D        | Found a transporter.
   219 | D        | Identified the cursed +0 lajatang "Byezinte" {venom,
                  | +Blink}
   228 | D        | Slain by a merfolk

Skill      XL: |  1  2  3  4  5  6  7 |
---------------+----------------------+-----
Fighting       | 4 7 9 |  9.8
Axes           | 4 6 7 8 |  8.2
Armour         | 4 7 8 9 |  9.5
Dodging        | 3 5 6 7 |  7.2

Action                   |  1- 3 |  4- 6 |  7- 9 || total
-------------------------+-------+-------+-------++-------
Melee: Executioner's axe |     3 |     7 |    18 ||    28
Invok: Berserk           |     1 |     1 |     1 ||     3
Armor: Gold dragon scale |     6 |    10 |    47 ||    63
Dodge: Dodged            |     2 |     6 |    28 ||    36
